 Dungeon Crawl Stone Soup version 0.30-a0-6-g7c9e10e132 (webtiles) character file.

Game seed: 6340310646762148395

1229 Setbun the Thaumaturge (level 8, -2/84 HPs)
             Began as a Djinni Cinder Acolyte on Aug 22, 2022.
             Was a High Priest of Ignis.
             Slain by Duvessa
             ... wielding a +0 short sword
              (20 damage)
             ... on level 5 of the Dungeon.
             The game lasted 00:10:15 (7971 turns).

Setbun the Thaumaturge (Djinni Cinder Acolyte)      Turns: 7971, Time: 00:10:16

Health: -2/84      AC:  3    Str: 13    XL:     8   Next: 77%
Gold:   346        EV: 11    Int: 24    God:    Ignis [*****.] SH:  0 Dex:  9

rFire   + + +      SeeInvis .    a - -1 falchion (flame)
rCold   + . .      Faith    .    (no shield)
rNeg    . . .      Spirit   .    b - +0 robe
rPois   ∞          Reflect  .    m - +0 helmet
rElec   .          Harm     .    r - scarf {rC+ rF+}
rCorr   .          Rampage  .    (no gloves)
Will    .....                    (boots unavailable)
Stlth   ..........               (no amulet)
HPRegen 0.24/turn                o - +6 ring of intelligence
MPRegen 0.00/turn                v - ring of protection from cold

@: confused, berserking, ambrosia-drunk, flying, very quick
A: sickness immunity, fire resistance 2, cold vulnerability 1, float, innate
caster, HP casting, extra vitality 1
a: Renounce Religion, Fiery Armour, Foxfire Swarm, Rising Flame


You were on level 5 of the Dungeon.
You worshipped Ignis.
Ignis was extremely pleased with you.
You visited 2 branches of the dungeon, and saw 6 of its levels.

You collected 346 gold pieces.

Inventory:

Hand Weapons
 a - a -1 falchion of flaming (weapon)
Armour
 b - a +0 robe (worn)
 m - a +0 helmet (worn)
 r - a scarf of resistance (worn)
Jewellery
 o - a +6 ring of intelligence (left hand)
 v - a ring of protection from cold (right hand)
Scrolls
 c - 3 scrolls of blinking {unknown}
 d - 2 scrolls of fear {unknown}
 g - a scroll of teleportation {unknown}
 l - 2 scrolls of identify {unknown}
 p - a scroll of silence {unknown}
 t - 2 scrolls of noise {unknown}
 w - a scroll of enchant weapon {unknown}
 x - a scroll of poison {unknown}
Potions
 e - a potion of lignification {unknown}
 f - a potion of mutation {unknown}
 h - a potion of heal wounds {unknown}
 i - 4 potions of curing {unknown}
 j - 4 potions of brilliance {unknown}
 k - a potion of flight
 n - 2 potions of ambrosia
 s - a potion of magic {unknown}
 u - a potion of attraction {unknown}
 z - a potion of haste {unknown}


   Skills:
 - Level 3.0 Fighting
 - Level 2.6 Long Blades
 + Level 8.0 Spellcasting


You had 15 spell levels left.
You knew the following spells:

 Your Spells              Type           Power      Damage    Failure   Level
a - Scorch                Fire           96%        2d9       1%          2
b - Freeze                Ice            100%       1d11      1%          1
c - Poisonous Vapours     Pois/Air       96%        N/A       1%          2
d - Inner Flame           Hex/Fire       48%        N/A       1%          3
Your spell library was empty.

Dungeon Overview and Level Annotations

Branches:
Dungeon (5/15)             Temple (1/1) D:4

Altars:
Cheibriados
Dithmenos
Fedhas
Nemelex Xobeh
Ru
Trog
Yredelemnul
Zin
The Shining One

Annotations:
D:3 2 transporters
D:5 Duvessa


Innate Abilities, Weirdness & Mutations

You are immune to sickness and miasma.
You are immune to poison.
Your flesh is very heat resistant. (rF++)
You are vulnerable to cold. (rC-)
You float through the air rather than walking.
You learn spells naturally, not from books.
Your magical power is your life essence.
You have superior vitality. (+4 MHP)


Message History

Dowan casts a spell at you.
You easily resist.
Poisonous vapours surround Dowan!
Dowan looks as sick as possible!
Dowan hits you with a +0 dagger.
Poisonous vapours surround Dowan!
Dowan looks as sick as possible!
You kill Dowan!
You hear a distant scream of rage.
Your Spellcasting skill increases to level 8!
You start resting.
An orc priest comes into view. It is wielding a +0 club.
You start resting.
HP restored.
Duvessa goes berserk!
Casting: Poisonous Vapours (safe; 1% risk of failure)
Confirm with . or Enter, or press ? or * to list all spells.
Aiming: Poisonous Vapours (safe; 1% risk of failure)
Press: ? - help, Dir - move target, f - Duvessa
Aim: Duvessa, wielding a +0 short sword and wearing a +0 ring mail (berserk) Poisonous vapours surround Duvessa!
Duvessa is poisoned.
Poisonous vapours surround Duvessa!
Duvessa looks as sick as possible!
Duvessa hits you with a +0 short sword!
Poisonous vapours surround Duvessa!
Duvessa looks as sick as possible!
Duvessa misses you. Duvessa closely misses you.
Poisonous vapours surround Duvessa!
Duvessa looks as sick as possible!
Duvessa completely misses you.
Duvessa hits you with a +0 short sword!!
* * * LOW HITPOINT WARNING * * *
It was a potion of flight.
You feel more buoyant. Duvessa hits you with a +0 short sword!
* * * LOW HITPOINT WARNING * * *
Duvessa closely misses you.
It was a potion of ambrosia.
You are confused.
You feel invigorated. Duvessa misses you.
It was a potion of berserk rage.
A red film seems to cover your vision as you go berserk!
You feel yourself moving faster!
You feel mighty!
Duvessa hits you with a +0 short sword!!
You die...

.#.###........# #.# ##.######
.#.........#..# #.####........
.#####.......#######.........###.
†#####.....................#.# #.
.#.......>....############.#.# #.
....#######.#.### #.#.##.. ....#
#.#...# #.....# ....# #.###e####
###.#)# ....##### #.# #.@..###
#.#.# ........# #.# #.##...#
#.##. .)..###.# #.# #.##...# ...
#. ....# #.# #.# #.##...# #####..
. .#### #.# #.# #.##.⌠.# #...#...
.# #.# #.######...###.<.#... .#
#.###...#............##### .#
#...[...#.8........### .#
#########..........#


You could see Duvessa (berserk, extremely poisoned).

Vanquished Creatures
  Pikel (D:5)
  2 ogres (D:4)
  A phantom (D:4)
  2 lemures (D:5)
  2 scorpions (D:4)
  Dowan (D:5)
  3 howler monkeys
  An orc priest (D:5)
  A hound (D:5)
  An iguana (D:5)
  3 adders
  An ufetubus (D:4)
  2 worms (D:2)
  4 dart slugs
  7 orcs (D:4)
  6 ball pythons
  8 endoplasms
  4 giant cockroaches
  10 goblins
  7 hobgoblins
  3 jackals (D:1)
  5 quokkas
  6 bats
  7 frilled lizards
  12 kobolds
  20 rats
120 creatures vanquished.

Notes
Turn   | Place    | Note
-------+----------+-------------------------------------------
     0 | D:1      | Setbun the Djinni Cinder Acolyte began the quest for the
                  | Orb.
     0 | D:1      | Setbun set off with the following spells memorised: Scorch.
     0 | D:1      | Reached XP level 1. HP: 20/20 MP: 0/0
   299 | D:1      | Reached XP level 2. HP: 24/25 MP: 0/0
   620 | D:1      | Reached skill level 3 in Spellcasting
   845 | D:1      | Reached XP level 3. HP: 14/30 MP: 0/0
   845 | D:1      | Learned a level 1 spell: Freeze
  1860 | D:2      | Reached XP level 4. HP: 30/35 MP: 0/0
  2499 | D:2      | Identified the +2 leather armour "Bokaocux" {Dex+3}
  2634 | D:2      | Reached skill level 4 in Spellcasting
  3114 | D:3      | Found a transporter.
  3126 | D:3      | Found a transporter.
  3290 | D:3      | Found a faded altar of an unknown god.
  3342 | D:3      | Reached XP level 5. HP: 36/40 MP: 0/0
  3342 | D:3      | Learned a level 2 spell: Poisonous Vapours
  3901 | D:4      | Noticed an ogre
  3927 | D:4      | Killed an ogre
  3928 | D:4      | Reached XP level 6. HP: 16/46 MP: 0/0
  4130 | D:4      | Noticed an ogre
  4143 | D:4      | Killed an ogre
  4144 | D:4      | Reached skill level 5 in Spellcasting
  4207 | D:4      | Found a staircase to the Ecumenical Temple.
  4285 | Temple   | Entered the Ecumenical Temple
  5515 | D:4      | Reached XP level 7. HP: 31/50 MP: 0/0
  5515 | D:4      | Learned a level 3 spell: Inner Flame
  5900 | D:4      | Reached skill level 6 in Spellcasting
  6194 | D:4      | Found a sparkling altar of Nemelex Xobeh.
  6222 | D:5      | Entered Level 5 of the Dungeon
  6222 | D:5      | Noticed Duvessa
  6222 | D:5      | Noticed Dowan
  6998 | D:5      | Noticed Pikel
  7021 | D:5      | Killed Pikel
  7022 | D:5      | Reached skill level 7 in Spellcasting
  7022 | D:5      | Reached XP level 8. HP: 46/56 MP: 0/0
  7828 | D:5      | Killed Dowan
  7829 | D:5      | Reached skill level 8 in Spellcasting
  7971 | D:5      | Slain by Duvessa

Illustrated notes

Levels and vault maps discovered:
D:1:      arrival_zaba_pyramid, layout_basic
D:2:      cheibrodos_greedy_goblins, layout_loops_ring
D:3:      gammafunk_steamed_eel, layout_basic,
          ebering_ecumenical_altar_abandoned
D:4:      layout_loops_corners, nemelex_dance_club_becter,
          minmay_temple_entry_hall, minmay_rat_hole
D:5:      layout_loops_ring, nicolae_overflow_squiral,
          nicolae_elevator_lobby_asterisk, uniq_duvessa, uniq_pikel
Temple:   chequers_temple_sunken

Skill      XL: |  1  2  3  4  5  6  7  8 |
---------------+-------------------------+-----
Spellcasting   | 3 4 5 7 8 |  8.0
Fighting       | |  3.0
Long Blades    | |  2.6

Action                   |  1- 3 |  4- 6 |  7- 9 || total
-------------------------+-------+-------+-------++-------
Melee: Falchion          |    34 |       |       ||    34
       Punch             |     1 |       |       ||     1
 Cast: Scorch            |    36 |    71 |    31 ||   138
       Poisonous Vapours |       |     6 |    29 ||    35
       Freeze            |       |       |    10 ||    10
       Inner Flame       |       |       |     1 ||     1
  Use: Potion            |       |       |     3 ||     3
Armor: Robe              |    16 |     5 |     5 ||    26
Dodge: Dodged            |    33 |    14 |    25 ||    72

Table legend: (Time is in decaauts)
 A = Elapsed time spent in this place.
 B = Non-inter-level travel time spent in this place.
 C = Inter-level travel time spent in this place.
 D = Time resting spent in this place.
 E = Time spent auto-exploring this place.
 F = Levels seen in this place.
 G = Mean time per level.
                   A        B        C        D        E       F      G
               +--------+--------+--------+--------+--------+-----+--------+
         Total |   7978 |   7706 |    272 |   1841 |   5130 |   6 | 1329.7 |
       Dungeon |   7379 |   7132 |    247 |   1841 |   4624 |   5 | 1475.8 |
        Temple |    598 |    573 |     25 |      0 |    506 |   1 |  598.0 |
               +--------+--------+--------+--------+--------+-----+--------+

Top non-repeatable levels by time:
     D:4: 2549 daAuts
     D:1: 1580 daAuts
     D:2: 1385 daAuts
     D:5: 1045 daAuts
     D:3: 817 daAuts
  Temple: 598 daAuts
